 Dungeon Crawl Stone Soup version 0.22-a0-283-g1871b15 (webtiles) character file.

19140 Amnesiac the Zephyrmancer (level 12, -8/73 HPs)
             Began as a Tengu Air Elementalist on Mar 19, 2018.
             Was an Elder of Sif Muna.
             Mangled by a six-headed hydra (14 damage)
             ... on level 4 of the Lair of Beasts.
             The game lasted 00:24:50 (13981 turns).

Amnesiac the Zephyrmancer (Tengu Air Elementalist) Turns: 13981, Time: 00:24:51

Health: -8/73      AC:  3    Str: 10    XL:     12   Next: 65%
Magic:  24/43      EV: 18    Int: 27    God:    Sif Muna [****..]
Gold:   587        SH:  0    Dex: 15    Spells: 9/34 levels left

rFire    . . .     SeeInvis +   a - staff of power
rCold    . . .     Gourm    +   (no shield)
rNeg     + . .     Faith    .   R - +0 robe
rPois    .         Spirit   .   (helmet restricted)
rElec    .         Reflect  .   i - +1 cloak
rCorr    .         Harm     .   m - +2 pair of gloves
MR       .....                  (boots unavailable)
Stlth    ++........             d - amulet of Irrepressible Laughter {Gourm *Contam +Blink rN+}
HPRegen  0.22/turn              Q - +3 ring of intelligence
MPRegen  0.28/turn              q - ring "Gaweenuy" {*Corrode +Fly Int+5 SInv}

@: corroded, divine energy, deflect missiles
A: beak, talons 3, able to fly 1
a: Fly, Stop Divine Energy, Channel Magic, Forget Spell, Renounce Religion,
Evoke Blink, Evoke Flight


You were on level 4 of the Lair of Beasts.
You worshipped Sif Muna.
Sif Muna was greatly pleased with you.
You were very full.

You visited 2 branches of the dungeon, and saw 12 of its levels.
You also visited: Labyrinth.

You collected 587 gold pieces.

Inventory:

Armour
 i - a +1 cloak (worn)
 m - a +2 pair of gloves (worn)
 R - a +0 robe (worn)
Magical Staves
 a - an uncursed staff of power (weapon)
 b - an uncursed staff of air
Jewellery
 d - the amulet of Irrepressible Laughter (around neck) {Gourm *Contam +Blink rN+}
   (You found it on level 5 of the Dungeon)

   [amulet of the gourmand]

   It allows you to eat raw meat even when not hungry.
   It protects you from negative energy.
   It lets you blink.
   It causes magical contamination when unequipped.
 n - an uncursed ring of protection from cold
 q - the ring "Gaweenuy" (right hand) {*Corrode +Fly Int+5 SInv}
   (You found it on level 6 of the Dungeon)

   [ring of flight]

   It affects your intelligence (+5).
   It lets you see invisible.
   It lets you fly.
   It may corrode you when you take damage.
 O - the ring of Teghi {+Fly MR+ Str+3}
   (You found it in a labyrinth)

   [ring of protection from magic]

   It affects your strength (+3).
   It affects your resistance to hostile enchantments.
   It lets you fly.
 Q - a +3 ring of intelligence (left hand)
Wands
 v - a wand of acid (8)
 C - a wand of flame (49)
 F - a wand of enslavement (12)
 I - a wand of iceblast (17)
Scrolls
 j - 2 scrolls of amnesia {!r}
 p - 2 scrolls of fog {!r}
 x - 3 scrolls of magic mapping {!r}
 A - 2 scrolls of enchant armour {!r}
 E - 3 scrolls of blinking {!r}
 H - 5 scrolls of teleportation {!r}
 N - 7 scrolls of remove curse {!r}
Potions
 g - a potion of invisibility {!q}
 h - 2 potions of heal wounds {!q}
 o - a potion of agility {!q}
 r - a potion of magic {!q}
 u - a potion of flight {!q}
 w - 2 potions of curing {!q, unknown}
 z - a potion of cancellation {!q, unknown}
 G - 2 potions of brilliance {!q}
Comestibles
 c - 36 rations


   Skills:
 + Level 8.1 Fighting
 + Level 8.7 Dodging
 - Level 2.0 Stealth
 - Level 11.5 Spellcasting
 - Level 1.3 Conjurations
 - Level 11.5 Air Magic
 - Level 8.0 Invocations


You had 9 spell levels left.
You knew the following spells:

 Your Spells              Type           Power        Failure   Level  Hunger
a - Airstrike             Air            ######....   1%          4    None
b - Static Discharge      Conj/Air       ######..     1%          3    None
c - Swiftness             Chrm/Air       #####...     1%          2    None
d - Lightning Bolt        Conj/Air       ######....   7%          5    ###....
e - Mephitic Cloud        Conj/Pois/Air  #####...     1%          3    None
f - Deflect Missiles      Chrm/Air       #####.....   45%         6    #####..
v - Blink                 Tloc           N/A          5%          2    None


Dungeon Overview and Level Annotations

Branches:
Dungeon (8/15)             Temple (0/1) D:4            Lair (4/6) D:8
 Shoals (0/4) Lair:2        Snake (0/4) Lair:3

Altars:
Dithmenos
Gozag
Hepliaklqana
Nemelex Xobeh
Okawaru
Qazlal
Sif Muna
Trog
Vehumet
Wu Jian
Xom
The Shining One

Shops:
D:5 *


Innate Abilities, Weirdness & Mutations

You have a beak for a mouth.
You have claws for feet.
You can fly.


Message History

Aim: a wolf (heavily wounded)
The air twists around and strikes the wolf!
You kill the wolf!
Sif Muna accepts your kill.
Casting: Airstrike (safe; 1% risk of failure)
Confirm with . or Enter, or press ? or * to list all spells.
You can't see any susceptible monsters within range! (Use Z to cast anyway.)
There is a stone staircase leading down here.
There is a stone staircase leading down here.
You start resting.
Magic restored.
You start resting.
Magic restored.
You climb downwards.
There is a stone staircase leading up here.
Casting: Airstrike (safe; 1% risk of failure)
Confirm with . or Enter, or press ? or * to list all spells.
Aiming: Airstrike (safe; 1% risk of failure)
Press: ? - help, Dir - move target cursor, f - six-headed hydra
Aim: a six-headed hydra The air twists around and strikes the six-headed hydra!
The six-headed hydra is lightly wounded.
Casting: Airstrike (safe; 1% risk of failure)
Confirm with . or Enter, or press ? or * to list all spells.
Aiming: Airstrike (safe; 1% risk of failure)
Press: ? - help, Dir - move target cursor, f/p - six-headed hydra
Aim: a six-headed hydra (lightly wounded)
The air twists around and strikes the six-headed hydra!
The six-headed hydra is moderately wounded.
Casting: Airstrike (safe; 1% risk of failure)
Confirm with . or Enter, or press ? or * to list all spells.
Aiming: Airstrike (safe; 1% risk of failure)
Press: ? - help, Dir - move target cursor, f/p - six-headed hydra
Aim: a six-headed hydra (moderately wounded)
The air twists around and strikes the six-headed hydra!
The six-headed hydra is heavily wounded.
Casting: Airstrike (safe; 1% risk of failure)
Confirm with . or Enter, or press ? or * to list all spells.
Aiming: Airstrike (safe; 1% risk of failure)
Press: ? - help, Dir - move target cursor, f/p - six-headed hydra
Aim: a six-headed hydra (heavily wounded)
The air twists around and strikes the six-headed hydra!
The six-headed hydra is severely wounded.
The six-headed hydra barely misses you. The six-headed hydra bites you.
The six-headed hydra completely misses you.
The six-headed hydra bites you. The six-headed hydra bites you! x2
Your corrosive artefact corrodes you!
Casting: Airstrike (safe; 1% risk of failure)
Confirm with . or Enter, or press ? or * to list all spells.
Aiming: Airstrike (safe; 1% risk of failure)
Press: ? - help, Dir - move target cursor, f/p - six-headed hydra
Aim: a six-headed hydra (severely wounded)
The air twists around and strikes the six-headed hydra!
The six-headed hydra is almost dead.
The six-headed hydra bites you!
* * * LOW HITPOINT WARNING * * *
The six-headed hydra bites you!
* * * LOW HITPOINT WARNING * * *
The six-headed hydra bites you!
* * * LOW HITPOINT WARNING * * *
The six-headed hydra bites you!
* * * LOW HITPOINT WARNING * * *
The six-headed hydra bites you!
You die...

....... ....... .......
##P....... #.>......##
#.........#
###.........##
#..@.........##
##..D........P# ###
.............#####..
.........#.<.....#....
........................
........................
..............#P........
..........)...###.......
...)......P##....#..


You could see a six-headed hydra.

Vanquished Creatures
  A minotaur (Lab)
  3 hydras
  A two-headed ogre (D:8)
  The ghost of Amnesiac the Zephyrmancer, a novice TeAE of Sif Muna (D:8)
  Pikel (D:5)
  2 oklob plants (Lair:2)
  A manticore (Lair:2)
  A black mamba (Lair:3)
  6 spiny frogs
  3 komodo dragons
  A hornet (D:7)
  Prince Ribbit (D:5)
  7 hippogriffs
  9 yaks
  Sigmund (D:2)
  A human (D:7)
  2 wyverns
  4 hungry ghosts (Lab)
  A basilisk (Lair:1)
  Grum (Lair:1)
  4 hogs (D:7)
  Menkaure (D:5)
  4 nagas (Lair:3)
  5 water moccasins
  4 porcupines
  4 black bears
  3 orc warriors
  An ice beast (D:7)
  4 slaves
  2 phantoms
  4 ogres
  10 wolves
  2 centaurs
  Blork the orc (D:5)
  5 crocodiles
  3 big kobolds
  5 bullfrogs
  3 scorpions
  3 crimson imps
  2 centaur zombies (D:7)
  A bullfrog zombie (D:6)
  2 orc priests
  2 bullfrog skeletons
  2 iguanas (D:6)
  3 orc wizards
  7 worker ants
  A hound skeleton (D:4)
  A howler monkey zombie (D:8)
  9 gnolls (D:3)
  15 adders
  A river rat (D:5)
  A shadow imp (D:8)
  2 adder zombies (D:7)
  3 adder skeletons
  2 worms (D:2)
  3 dart slugs
  A leopard gecko (D:3)
  15 orcs
  2 ball pythons
  5 giant cockroaches
  42 goblins
  26 hobgoblins
  8 jackals
  A quokka (D:3)
  6 bats
  8 frilled lizards
  9 kobolds
  2 leopard gecko skeletons
  6 rats
  A plant (Lair:2)
305 creatures vanquished.

Vanquished Creatures (others)
  5 plants (D:8)
5 creatures vanquished.

Grand Total: 310 creatures vanquished

Notes
Turn   | Place    | Note
-------+----------+-------------------------------------------
     0 | D:1      | Amnesiac the Tengu Air Elementalist began the quest for the Orb.
     0 | D:1      | Reached XP level 1. HP: 10/10 MP: 4/4
   153 | D:1      | Reached XP level 2. HP: 15/15 MP: 1/6
   404 | D:1      | Reached XP level 3. HP: 9/20 MP: 0/7
   565 | D:1      | Reached skill level 5 in Air Magic
   872 | D:1      | Learned a level 3 spell: Static Discharge
   911 | D:2      | Reached skill level 1 in Fighting
  1021 | D:2      | Reached XP level 4. HP: 10/25 MP: 0/8
  1251 | D:2      | Learned a level 4 spell: Airstrike
  1671 | D:2      | Noticed Sigmund
  1721 | D:2      | Killed Sigmund
  1721 | D:2      | Gained mutation: You can fly. [Tengu growth]
  1721 | D:2      | Reached XP level 5. HP: 21/31 MP: 0/10
  1721 | D:2      | Reached XP level 6. HP: 24/36 MP: 0/11
  1964 | D:3      | Found a sparkling altar of Nemelex Xobeh.
  1964 | D:3      | Found a shadowy altar of Dithmenos.
  1974 | D:3      | Found an iron altar of Okawaru.
  1974 | D:3      | Found a bloodstained altar of Trog.
  1974 | D:3      | Found a hazy altar of Hepliaklqana.
  1974 | D:3      | Found a deep blue altar of Sif Muna.
  1975 | D:3      | Found a radiant altar of Vehumet.
  1983 | D:3      | Became a worshipper of Sif Muna the Loreminder
  2012 | D:3      | Found a shimmering altar of Xom.
  3414 | D:3      | Reached * piety under Sif Muna
  3418 | D:3      | Reached XP level 7. HP: 32/40 MP: 5/13
  3625 | D:4      | Found a staircase to the Ecumenical Temple.
  3759 | D:4      | Reached skill level 5 in Spellcasting
  3852 | D:4      | Reached ** piety under Sif Muna
  3900 | D:4      | Found an ornate altar of the Wu Jian Council.
  3914 | D:4      | Learned a level 2 spell: Swiftness
  3920 | D:4      | Learned a level 5 spell: Lightning Bolt
  4215 | D:4      | Reached XP level 8. HP: 45/45 MP: 1/18
  4387 | D:5      | Entered Level 5 of the Dungeon
  4391 | D:5      | Noticed Pikel
  4392 | D:5      | Noticed Menkaure
  4730 | D:5      | Found an opulent altar of Gozag.
  4850 | D:5      | Noticed Blork the orc
  4885 | D:5      | Noticed Prince Ribbit
  4935 | D:5      | Killed Menkaure
  5177 | D:5      | Killed Pikel
  5177 | D:5      | Reached *** piety under Sif Muna
  5177 | D:5      | Reached XP level 9. HP: 44/49 MP: 0/23
  5377 | D:5      | Got a steaming tin amulet
  5395 | D:5      | Killed Prince Ribbit
  5465 | D:5      | Killed Blork the orc
  5490 | D:5      | Found Covupsuo's General Store.
  5612 | D:6      | Found a bloodstained altar of Trog.
  6222 | D:6      | Got a twitching jade ring
  6434 | D:7      | Noticed a hornet
  6437 | D:7      | Killed a hornet
  6437 | D:7      | Reached **** piety under Sif Muna
  6437 | D:7      | Reached skill level 10 in Air Magic
  6442 | D:7      | Reached skill level 10 in Spellcasting
  6620 | D:7      | Reached XP level 10. HP: 14/54 MP: 0/25
  7246 | D:7      | Reached ***** piety under Sif Muna
  7558 | D:8      | Noticed Amnesiac's ghost (novice TeAE)
  7561 | D:8      | Killed Amnesiac's ghost
  7561 | D:8      | Identified Zifefig's Incunabulum of Glacial Good Luck (Sif Muna gifted it to you on level 8 of the Dungeon)
  7561 | D:8      | Received a gift from Sif Muna
  7570 | D:8      | Learned a level 6 spell: Deflect Missiles
  7674 | D:7      | Learned a level 2 spell: Blink
  7836 | D:8      | Found Ofruak's Distillery.
  8154 | D:8      | Found a stormy altar of Qazlal.
  8298 | D:8      | Reached skill level 1 in Invocations
  8330 | D:8      | Found a glowing golden altar of the Shining One.
  8434 | D:8      | Noticed a two-headed ogre
  8436 | D:8      | Found a staircase to the Lair.
  8442 | D:8      | Killed a two-headed ogre
  8734 | Lair:1   | Entered Level 1 of the Lair of Beasts
  8760 | Lair:1   | Reached XP level 11. HP: 60/60 MP: 10/27
  9136 | Lair:1   | Noticed a five-headed hydra
  9138 | Lair:1   | Noticed a four-headed hydra
  9188 | Lair:1   | Killed a four-headed hydra
  9534 | Lair:1   | Killed a five-headed hydra
  9695 | Lair:1   | Reached skill level 5 in Invocations
  9732 | Lair:1   | Noticed Grum
  9760 | Lair:1   | Reached skill level 5 in Dodging
  9761 | Lair:1   | Killed Grum
 10147 | Lair:1   | Reached skill level 5 in Fighting
 10862 | Lair:2   | Found a labyrinth entrance.
 10885 | Lab      | Entered a labyrinth
 10914 | Lab      | Learned a level 3 spell: Mephitic Cloud
 11234 | Lab      | Noticed a minotaur
 11240 | Lab      | Killed a minotaur
 11245 | Lab      | Got a dazzling trident {holy}
 11285 | Lab      | Found the +0 pair of fencer's gloves {+Riposte Dex+3}
 11285 | Lab      | Got a clouded tin ring
 11285 | Lab      | Got a bound bronze ring
 11376 | Lair:2   | Identified the +7 trident "Xakyin" {holy, +Rage SInv} (You took it off a minotaur in a labyrinth)
 11379 | Lair:2   | Identified the amulet of Irrepressible Laughter {Gourm *Contam +Blink rN+} (You found it on level 5 of the Dungeon)
 11381 | Lair:2   | Identified the ring "Gaweenuy" {*Corrode +Fly Int+5 SInv} (You found it on level 6 of the Dungeon)
 11389 | Lair:2   | Identified the ring of Teghi {+Fly MR+ Str+3} (You found it in a labyrinth)
 11391 | Lair:2   | Identified the cursed ring "Zunu" {Int-5 Slay+2} (You found it in a labyrinth)
 11598 | Lair:2   | Noticed an oklob plant
 11605 | Lair:2   | Killed an oklob plant
 11605 | Lair:2   | Reached XP level 12. HP: 70/70 MP: 15/28
 11845 | Lair:2   | Noticed a six-headed hydra
 11851 | Lair:2   | Killed a six-headed hydra
 12011 | Lair:2   | Found a staircase to the Shoals.
 12991 | Lair:3   | Found a staircase to the Snake Pit.
 13788 | Lair:4   | Noticed a six-headed hydra
 13981 | Lair:4   | Mangled by a six-headed hydra

Vault maps used:
D:1:      dpeg_arrival_round_c
D:2:      first_ration, st_stairs_7, minmay_tiny_reverse_x, uniq_sigmund
D:3:      minmay_goblin_kobold_castle, lemuel_doored_altar,
          grunt_temple_overflow_open
D:4:      kennysheep_little_box, temple_hall, minmay_ogre_servants
D:5:      grunt_gozag_statues, serial_shops, kennysheep_mini,
          lightli_sewer_entry_pipes, uniq_menkaure, uniq_blork_the_orc,
          uniq_pikel, uniq_prince_ribbit1
D:6:      trog_ov_bears_minmay
D:7:      grunt_livestock, nrook_mini_vaults, minmay_crossroads
D:8:      nicolae_overflow_crystal_walls, nicolae_tso_carved_into_rock,
          david_lair_shrubbed, serial_shops, shop
Lair:1:   grunt_megastairs_3, serial_bayou_shore_b, serial_bayou_shore_b,
          infiniplex_staircase_pool, uniq_grum
Lair:2:   minmay_shoals_entry_beasts, lab_entry_generic,
          nicolae_lair_grove_arrangements, minmay_lair_oklob_chamber
Lair:3:   minmay_snake_entry_guardpost_small, st_stairs_7, minivault_19,
          lemuel_fruit_tree
Lab:      labyrinth_mini_lab, nicolae_lab_grate_2, nicolae_lab_quarters,
          nicolae_lab_statue, nicolae_lab_dead_end, nicolae_lab_flowing_pool,
          nicolae_lab_diamond, lab_block

Skill      XL: |  1  2  3  4  5  6  7  8  9 10 11 12 |
---------------+-------------------------------------+-----
Air Magic      | 5 6 8 10 11 | 11.5
Fighting       | 1 2 3 6 8 |  8.1
Spellcasting   | 3 6 9 10 11 | 11.5
Invocations    | 3 7 8 |  8.0
Dodging        | 3 6 8 |  8.7
Stealth        | |  2.0
Conjurations   | |  1.3

Action                   |  1- 3 |  4- 6 |  7- 9 | 10-12 || total
-------------------------+-------+-------+-------+-------++-------
Melee: Unarmed           |    25 |       |    30 |       ||    55
       Kick              |     7 |     4 |    11 |    10 ||    32
       Peck              |     7 |     5 |     2 |     3 ||    17
       Dagger            |     8 |    31 |    28 |    24 ||    91
       Staff             |       |       |     5 |       ||     5
 Cast: Shock             |    71 |   136 |     8 |       ||   215
       Static Discharge  |       |     2 |     8 |    21 ||    31
       Airstrike         |       |       |   128 |   295 ||   423
       Lightning Bolt    |       |       |       |    13 ||    13
       Deflect Missiles  |       |       |       |     2 ||     2
       Mephitic Cloud    |       |       |       |     1 ||     1
Invok: Divine Energy     |       |       |     1 |       ||     1
       Channel Magic     |       |       |       |     1 ||     1
 Abil: Fly               |       |       |       |     4 ||     4
  Use: Potion            |       |     1 |     2 |     2 ||     5
       Scroll            |       |       |    15 |     4 ||    19
  Eat: Chunk             |     1 |     8 |    22 |    36 ||    67
       Ration            |       |       |     1 |     3 ||     4
Armor: Robe              |    17 |    16 |    42 |    23 ||    98
       Skin              |       |       |    96 |       ||    96
Dodge: Dodged            |    34 |    44 |    69 |    85 ||   232
       Deflected         |       |       |       |     2 ||     2

Table legend:
 A = Spawn XP
 B = Non-spawn XP
 C = Spawn XP percentage of total XP
 D = Spawn monster count
 E = Non-spawn monster count
 F = Spawn count percentage of total count
 G = Total turns spent on level
                    A         B        C        D         E        F      G
               +---------+---------+-------+---------+---------+-------+---------
         Total |       0 |   27343 |   0.0 |       0 |     300 |   0.0 | 13981
               +---------+---------+-------+---------+---------+-------+---------
           D:1 |       0 |      46 |   0.0 |       0 |      27 |   0.0 |  1078
           D:2 |       0 |     298 |   0.0 |       0 |      18 |   0.0 |   886
           D:3 |       0 |     443 |   0.0 |       0 |      73 |   0.0 |  1555
           D:4 |       0 |     436 |   0.0 |       0 |      24 |   0.0 |  1091
           D:5 |       0 |    1657 |   0.0 |       0 |      28 |   0.0 |  1084
           D:6 |       0 |     825 |   0.0 |       0 |      11 |   0.0 |   719
           D:7 |       0 |    2732 |   0.0 |       0 |      31 |   0.0 |  1393
           D:8 |       0 |    2616 |   0.0 |       0 |      15 |   0.0 |   928
        Lair:1 |       0 |    6579 |   0.0 |       0 |      28 |   0.0 |  2093
        Lair:2 |       0 |    4357 |   0.0 |       0 |      15 |   0.0 |  1074
        Lair:3 |       0 |    3896 |   0.0 |       0 |      19 |   0.0 |  1489
        Lair:4 |       0 |    1502 |   0.0 |       0 |       6 |   0.0 |   102
           Lab |       0 |    1956 |   0.0 |       0 |       5 |   0.0 |   489
               +---------+---------+-------+---------+---------+-------+---------
